 Dungeon Crawl Stone Soup version 0.17.0-18-gaab0e96 (webtiles) character file.

4806 SKei0 the Cleaver (level 10, 0/88 HPs)
             Began as a Minotaur Fighter on Nov 11, 2015.
             Was a Priest of Qazlal.
             Slain by a vampire mage (5 damage)
             ... on level 9 of the Dungeon.
             The game lasted 00:21:20 (7505 turns).

SKei0 the Cleaver (Minotaur Fighter)                Turns: 7505, Time: 00:21:20

Health: 0/88       AC: 18    Str: 31    XL:     10   Next: 24%
Magic:  0/9        EV:  7    Int:  5    God:    Qazlal [***...]
Gold:   466        SH: 15    Dex: 10    Spells: 0 memorised, 9 levels left

rFire  . . .     SeeInvis .     a - +0 war axe
rCold  . . .     Rnd*Rage +     H - +3 chain mail
rNeg   . . .     SustAt   .     c - +0 shield
rPois  .         Gourm    .     (helmet restricted)
rElec  .         Spirit   +     (no cloak)
rCorr  .         Warding  .     u - +1 pair of gloves
rMut   .         Rnd*Tele +     i - +0 pair of boots
MR     +....                    d - amulet of guardian spirit
Stlth  ..........               F - ring of protection from magic
                                Q - ring of teleportation (curse)

@: mighty, drained, somewhat resistant to hostile enchantments, extremely
unstealthy
A: retaliatory headbutt, horns 2, berserk 1, strong 1
a: Upheaval, Elemental Force, Renounce Religion, Evoke Teleportation


You were on level 9 of the Dungeon.
You worshipped Qazlal.
Qazlal was most pleased with you.
You were not hungry.

You visited 2 branches of the dungeon, and saw 10 of its levels.

You collected 466 gold pieces.

Inventory:

Hand Weapons
 a - a +0 war axe (weapon)
Armour
 b - a +0 scale mail
 c - a +0 shield (worn)
 i - a +0 pair of boots (worn)
 j - a +0 chain mail
 u - a +1 pair of gloves (worn)
 y - a +0 plate armour
 H - a +3 chain mail (worn)
Jewellery
 d - an amulet of guardian spirit (around neck)
 t - an uncursed ring of magical power
 F - a ring of protection from magic (right hand)
 K - an uncursed ring of sustain attributes {unknown}
 P - an uncursed amulet of clarity {unknown}
 Q - a cursed ring of teleportation (left hand)
Scrolls
 f - a scroll of noise {unknown}
 g - 8 scrolls of identify {unknown}
 l - 3 scrolls of enchant weapon {unknown}
 n - a scroll of fog {unknown}
 p - 9 scrolls of remove curse {unknown}
 q - 2 scrolls of teleportation {unknown}
 r - 2 scrolls of immolation {unknown}
 s - 3 scrolls of amnesia {unknown}
 v - 2 scrolls of magic mapping {unknown}
 w - 2 scrolls of random uselessness {unknown}
 B - a scroll of blinking {unknown}
 C - a scroll of recharging {unknown}
 J - 3 scrolls of enchant armour {unknown}
Potions
 h - 2 potions of curing
 m - 2 potions of mutation {unknown}
 o - a potion of agility {unknown}
 x - 2 potions of cure mutation {unknown}
 A - 3 potions of heal wounds
 D - a potion of flight {unknown}
 E - a potion of brilliance {unknown}
 G - a potion of lignification {unknown}
 N - a potion of beneficial mutation {unknown}
Books
 L - the Almanac of Dusty Execration
   (You found it on level 6 of the Dungeon)

   Spells                             Type                      Level
   a - Corona                         Hexes                        1
   b - Gell's Gravitas                Hexes/Translocation          3
   c - Leda's Liquefaction            Hexes/Earth                  4
   d - Cause Fear                     Hexes                        4
   e - Bolt of Magma                  Conjuration/Fire/Earth       5
Comestibles
 e - 7 bread rations
 k - 4 meat rations
 z - 8 beef jerkies
 I - 3 slices of pizza
 O - 10 chunks of flesh


   Skills:
 + Level 8.1(6.9) Fighting
 * Level 11.0(9.6) Axes
 * Level 10.8(9.5) Armour
 + Level 7.9(6.7) Shields


You had 9 spell levels left.
You didn't know any spells.

Dungeon Overview and Level Annotations

Branches:
Dungeon (9/15)             Temple (1/1) D:5            Lair (0/8) D:8
    Orc: D:9-12

Altars:
Ashenzari
Cheibriados
Dithmenos
Elyvilon
Fedhas
Gozag
Kikubaaqudgha
Makhleb
Nemelex Xobeh
Qazlal
Ru
Sif Muna
Trog
Vehumet
Yredelemnul
Zin
The Shining One
Lugonu

Shops:
D:5 *


Innate Abilities, Weirdness & Mutations

You reflexively headbutt those who attack you in melee.
You have a pair of horns on your head.
You tend to lose your temper in combat.
Your muscles are strong. (Str +2)


Message History

* * * LOW HITPOINT WARNING * * *
You block the orc wizard's attack.
The orc hits you from afar with a trident.
* * * LOW HITPOINT WARNING * * *
You closely miss something. You hit the orc wizard.
You kill the orc wizard!
The orc wizard's corpse dissolves into shadows!
Something hits you but does no damage. Something bites you but does no damage.
You block the orc's attack. Something hits you but does no damage.
Something bites you.
* * * LOW HITPOINT WARNING * * *
Something draws strength from your injuries!
You slash something! You headbutt something!
The orc hits you but does no damage. Something hits you but does no damage.
You block its attack.
You miss something. The orc hits you but does no damage.
Something hits you but does no damage. Something bites you but does no damage.
You barely miss something. You block the orc's attack.
Something hits you but does no damage. Something bites you.
You die...

######### #
#?#?#?#?#:#
#.........# #
#.........# ##.
#..§......#
#.=.#...@{....#
#.?.'..§......#
#...#...o.....#
#. #.........#
#.........#
#.........#
#?#?#:#.#?# #.#
########### #.#
...


You could see an orc.

Vanquished Creatures
  Joseph (D:7)
  A komodo dragon (D:8)
  2 wyverns (D:8)
  Menkaure (D:5)
  2 hippogriffs
  The ghost of JudasIscariot the Skirmisher, an amateur GrAK of Lugonu (D:5)
  Duvessa (D:6)
  A black bear (D:7)
  4 phantoms
  An orc warrior (D:6)
  2 sky beasts (D:5)
  2 necrophages
  2 centaurs
  6 ogres
  3 giant frogs
  A gnoll sergeant (D:4)
  A big kobold (D:7)
  A wyvern zombie (D:7)
  Dowan (D:6)
  4 wights (D:8)
  A centaur zombie (D:7)
  A crimson imp (D:6)
  A hound (D:5)
  The ghost of SKei0 the Sneak, a weakling SpAs (D:3)
  2 jellies
  A giant frog zombie (D:6)
  5 orc priests
  A centaur skeleton (D:4)
  3 iguanas
  7 orc wizards
  9 worker ants
  A hound skeleton (D:5)
  4 gnolls
  2 worker ant zombies
  10 adders
  A shadow imp (D:5)
  2 oozes
  An adder skeleton (D:8)
  2 adder zombies
  A worm (D:5)
  3 giant geckos
  30 orcs
  2 ball pythons
  6 giant cockroaches
  8 goblins
  7 hobgoblins
  4 jackals (D:5)
  13 kobolds
  4 quokkas
  8 bats
  2 giant gecko skeletons (D:6)
  A giant newt (D:6)
  A jackal zombie (D:6)
  A quokka zombie (D:7)
  5 rats
  A plant (D:8)
190 creatures vanquished.

Vanquished Creatures (others)
  2 plants (D:8)
2 creatures vanquished.

Grand Total: 192 creatures vanquished

Notes
Turn   | Place    | Note
--------------------------------------------------------------
     0 | D:1      | SKei0 the Minotaur Fighter began the quest for the Orb.
     0 | D:1      | Reached XP level 1. HP: 19/19 MP: 0/0
   281 | D:1      | Reached XP level 2. HP: 24/26 MP: 1/1
   286 | D:1      | Reached skill level 4 in Armour
   476 | D:1      | Reached XP level 3. HP: 29/33 MP: 2/2
   645 | D:2      | Found an opulent altar of Gozag.
   645 | D:2      | Found a bloodstained altar of Trog.
  1387 | D:3      | Reached XP level 4. HP: 40/40 MP: 3/3
  1394 | D:3      | Noticed SKei0's ghost (weakling SpAs)
  1420 | D:3      | Killed SKei0's ghost
  1909 | D:3      | Reached XP level 5. HP: 46/46 MP: 4/4
  2383 | D:4      | Found a sacrificial altar of Ru.
  2488 | D:4      | Reached skill level 5 in Armour
  2577 | D:4      | Noticed an ogre
  2582 | D:4      | Killed an ogre
  2582 | D:4      | Reached skill level 5 in Axes
  2582 | D:4      | Reached XP level 6. HP: 9/53 MP: 5/5
  2869 | D:4      | Found a sparkling altar of Nemelex Xobeh.
  3028 | D:5      | Entered Level 5 of the Dungeon
  3054 | D:5      | Reached skill level 5 in Shields
  3267 | D:5      | Reached skill level 5 in Fighting
  3396 | D:5      | Found a glowing golden altar of the Shining One.
  3410 | D:5      | Reached skill level 6 in Axes
  3410 | D:5      | Reached XP level 7. HP: 61/61 MP: 6/6
  3430 | D:5      | Found Ziusi's General Store.
  3480 | D:5      | Noticed Menkaure
  3490 | D:5      | Killed Menkaure
  3768 | D:5      | Gained mutation: Your muscles are strong. (Str +2) [mutagenic meat]
  3769 | D:5      | Gained mutation: You tend to lose your temper in combat. [mutagenic meat]
  3947 | D:5      | Noticed JudasIscariot's ghost (amateur GrAK)
  4092 | D:5      | Killed JudasIscariot's ghost
  4092 | D:5      | Reached skill level 7 in Axes
  4188 | D:5      | Reached XP level 8. HP: 60/70 MP: 7/7
  4227 | D:5      | Found a staircase to the Ecumenical Temple.
  4233 | Temple   | Entered the Ecumenical Temple
  4251 | Temple   | Became a worshipper of Qazlal Stormbringer
  4518 | D:6      | Found a deep blue altar of Sif Muna.
  4586 | D:6      | Reached skill level 8 in Axes
  4681 | D:6      | Identified the Almanac of Dusty Execration
  4723 | D:6      | Noticed Duvessa
  4730 | D:6      | Killed Duvessa
  4733 | D:6      | Noticed Dowan
  4741 | D:6      | Killed Dowan
  5049 | D:6      | Reached * piety under Qazlal
  5805 | D:7      | Reached skill level 9 in Axes
  5805 | D:7      | Reached XP level 9. HP: 78/78 MP: 8/8
  5875 | D:7      | Found a blossoming altar of Fedhas.
  5890 | D:7      | Reached ** piety under Qazlal
  6188 | D:7      | Noticed Joseph
  6206 | D:7      | Killed Joseph
  6487 | D:7      | Reached skill level 10 in Axes
  6532 | D:8      | Found a staircase to the Lair.
  6533 | D:8      | Noticed a komodo dragon
  6564 | D:8      | Killed a komodo dragon
  6564 | D:8      | Reached skill level 10 in Armour
  6881 | D:8      | Reached XP level 10. HP: 48/88 MP: 9/9
  7162 | D:8      | Found a burning altar of Makhleb.
  7202 | D:8      | Reached *** piety under Qazlal
  7209 | D:8      | Found a glowing silver altar of Zin.
  7235 | D:8      | Found a basalt altar of Yredelemnul.
  7365 | D:9      | Reached skill level 11 in Axes
  7490 | D:9      | Noticed a vampire mage
  7502 | D:9      | HP: 4/88 [something (5)]
  7505 | D:9      | Slain by a vampire mage

Action                   |  1- 3 |  4- 6 |  7- 9 | 10-12 || total
-------------------------+-------+-------+-------+-------++-------
Melee: War axe           |    67 |   149 |   312 |    82 ||   610
  Use: Potion            |       |     1 |     1 |     1 ||     3
  Eat: Chunk             |     1 |     7 |    17 |     3 ||    28
